 Dungeon Crawl Stone Soup version 0.24-a0-417-g1cce26a4d2 (webtiles) character file.

Game seed: 8098298966788611925

7276 mortelune the Protected (level 10, -4/96 HPs)
             Began as a Deep Dwarf Fighter on June 10, 2019.
             Was an Elder of Makhleb.
             Slain by a vampire
             ... wielding a +0 glaive
              (16 damage)
             ... on level 10 of the Dungeon.
             The game lasted 00:35:21 (10362 turns).

mortelune the Protected (Deep Dwarf Fighter)       Turns: 10362, Time: 00:35:21

Health: -4/96      AC: 16    Str: 24    XL:     10   Next: 89%
Magic:  12/12      EV:  8    Int: 10    God:    Makhleb [****..]
Gold:   71         SH: 11    Dex: 12    Spells: 9/9 levels left

rFire    . . .     SeeInvis .   a - +0 war axe
rCold    + . .     Gourm    .   c - +0 shield
rNeg     . . .     Faith    .   B - +4 scale mail
rPois    .         Spirit   .   y - +0 helmet (curse)
rElec    .         Reflect  .   p - scarf {repulsion}
rCorr    .         Harm     .   w - +1 pair of gloves
MR       +....                  (no boots)
Stlth    +.........             s - amulet of rage
HPRegen  0.00/turn              M - ring of Vihanuock {+Blink rC+ Str+2 Stlth+}
MPRegen  0.13/turn              J - +1 ring of slaying

@: non-regenerating, repel missiles
A: damage resistance, heal wounds, sense surroundings 2, no regeneration
a: Heal Wounds, Minor Destruction, Lesser Servant of Makhleb, Major Destruction,
Renounce Religion, Evoke Blink, Evoke Berserk Rage


You were on level 10 of the Dungeon.
You worshipped Makhleb.
Makhleb was greatly pleased with you.
You were hungry.

You visited 2 branches of the dungeon, and saw 11 of its levels.
You also visited: Ossuary.

You collected 604 gold pieces.
You spent 533 gold pieces at shops.

Inventory:

Hand Weapons
 a - a +0 war axe (weapon)
 l - a +0 flail
 v - a +3 hand axe
 C - a +2 hand axe of venom
Missiles
 e - 275 stones
 r - 2 atropa-tipped darts
 E - 12 boomerangs (quivered)
Armour
 c - a +0 shield (worn)
 p - a scarf of repulsion (worn)
 w - a +1 pair of gloves (worn)
 y - a cursed +0 helmet (worn)
 B - a +4 scale mail (worn)
 I - a +1 leather armour of fire resistance
Jewellery
 k - an uncursed ring of ice
 s - an amulet of rage (around neck)
 F - a +2 ring of intelligence
 J - a +1 ring of slaying (right hand)
 M - the ring of Vihanuock (left hand) {+Blink rC+ Str+2 Stlth+}
   (You found it on level 4 of the Dungeon)

   [ring of protection from cold]

   It affects your strength (+2).
   It protects you from cold.
   It lets you blink.
   It makes you more stealthy.
 N - an uncursed ring of fire
Wands
 d - a wand of digging (3)
 H - a wand of random effects (18)
 L - a wand of iceblast (10)
Scrolls
 b - a scroll of fog
 h - a scroll of enchant armour
 n - 6 scrolls of remove curse
 t - a scroll of enchant weapon
 A - a scroll of teleportation
 D - a scroll of blinking
 K - a scroll of identify
 P - a scroll of amnesia {unknown}
Potions
 g - a potion of resistance
 i - 2 potions of agility
 j - a potion of mutation
 m - 5 potions of curing
 o - a potion of flight
 q - 3 potions of lignification
 x - a potion of berserk rage {unknown}
 z - 2 potions of cancellation
 G - a potion of might
Comestibles
 f - 19 rations
 O - 7 chunks of flesh


   Skills:
 + Level 8.1 Fighting
 * Level 10.0 Axes
 * Level 10.3 Armour
 + Level 7.6 Shields
 + Level 4.0 Invocations
 + Level 2.5 Evocations


You had 9 spell levels left.
You didn't know any spells.
Your spell library contained the following spells:

 Spells                   Type           Power        Failure   Level  Hunger
 Apportation              Tloc           #.....       90%         1    ##.....
 Confusing Touch          Hex            #.....       90%         1    ##.....
 Corona                   Hex            #......      90%         1    ##.....
 Summon Butterflies       Summ           #.......     90%         1    ##.....
 Ensorcelled Hibernation  Hex/Ice        #.....       97%         2    ###....
 Confuse                  Hex            #.......     99%         3    ####...
 Dazzling Spray           Conj/Hex       #.....       99%         3    ####...
 Gell's Gravitas          Tloc           #.........   99%         3    ####...
 Lesser Beckoning         Tloc           #.........   99%         3    ####...
 Tukima's Dance           Hex            #.......     99%         3    ####...
 Petrify                  Tmut/Erth      #.......     100%        4    #####..
 Alistair's Intoxication  Tmut/Pois      #.......     100%        5    ######.
 Metabolic Englaciation   Hex/Ice        #.........   100%        5    ######.
 Yara's Violent Unravell  Hex/Tmut       #.........   100%        5    ######.
 Invisibility             Hex            #.......     100%        6    #######


Dungeon Overview and Level Annotations

Branches:
Dungeon (10/15)            Temple (1/1) D:7            Lair (0/6) D:9
    Orc: D:9-12

Altars:
Ashenzari
Cheibriados
Dithmenos
Elyvilon
Fedhas
Gozag
Hepliaklqana
Kikubaaqudgha
Makhleb
Nemelex Xobeh
Okawaru
Qazlal
Ru
Sif Muna
Trog
Uskayaw
Vehumet
Wu Jian
Xom
Zin
The Shining One

Shops:
D:4 [   D:6 :?(=!   D:10 [

Portals:
Trove: D:10 (give 9 potions of haste)


Innate Abilities, Weirdness & Mutations

You are resistant to damage.
You can heal yourself by infusing magical energy.
You passively map the area around you.
You do not regenerate.


Message History

* * * LOW HITPOINT WARNING * * *
Something draws strength from your injuries!
You feel much better. Something hits you.
Something bites you but does no damage.
You hit something. Something hits you but does no damage.
You block something's attack.
You closely miss something. Something hits you but does no damage.
Something bites you.
* * * LOW HITPOINT WARNING * * *
Something draws strength from your injuries!
You closely miss something. You hit something. Something hits you.
* * * LOW HITPOINT WARNING * * *
You block something's attack.
You slash something! Something hits you.
Something bites you but does no damage.
You hit something but do no damage.
Unholy energy fills the air.
* * * LOW HITPOINT WARNING * * *
You barely miss something. Something hits you!!
You die...

########.#, ,* **** * ,
.......... ..#* *
##........ # #.. ,* , ,
*, #.#######** .#..##*
,, , #.....#* #.#.. ** *
, ##.###.# ####.#.# # ,
, #.# , , ....#.##.####
,,
###.###.######........?.
* *
................@{...#
,* * *
.##.#.########÷#.##..# *
* ∩...#.# #†#.#*, #
.#..# # ######.#.# , *
..#.#.###........#*..#
#.#.#......###.### ..# *
#.#.#####..# #.# ..# **
#.#.# #..# #.# ..# ,,,,,
#.#.#####..###.# ##..
,... *


There were no monsters in sight!

Vanquished Creatures
  Harold (D:7)
  A two-headed ogre (D:9)
  2 hippogriffs
  A spriggan (D:7)
  5 yaks
  Eustachio (D:4)
  3 hungry ghosts
  Menkaure (D:5)
  A water moccasin (D:9)
  2 porcupines (D:9)
  2 orc warriors (D:7)
  2 ice beasts
  2 sky beasts
  2 necrophages
  6 ogres
  A black bear (D:9)
  2 centaurs (D:7)
  5 bullfrogs (D:9)
  3 big kobolds
  3 scorpions
  3 killer bees (D:9)
  A centaur zombie (D:6)
  A crimson imp (D:10)
  2 hounds
  2 jellies
  2 orc priests
  13 orc wizards
  A gnoll shaman (D:7)
  3 iguanas
  Ijyb (D:4)
  7 worker ants
  7 big kobold zombies (Ossuary)
  A hound skeleton (D:5)
  A mummy (Ossuary)
  2 worker ant zombies
  Robin (D:4)
  7 gnolls
  7 adders
  A howler monkey skeleton (D:7)
  3 shadow imps
  2 adder zombies
  8 worms
  3 dart slugs
  7 leopard geckos
  31 orcs
  4 spectral bats (Ossuary)
  A ball python (D:2)
  7 bats
  4 giant cockroaches
  5 gnoll zombies (Ossuary)
  11 goblins
  11 hobgoblins
  3 jackals (D:1)
  21 kobolds
  4 quokkas
  A bat simulacrum (Ossuary)
  12 frilled lizards
  2 goblin simulacra (Ossuary)
  4 goblin zombies (Ossuary)
  6 hobgoblin zombies (Ossuary)
  2 kobold simulacra (Ossuary)
  3 kobold zombies (Ossuary)
  A leopard gecko skeleton (D:4)
  5 orc zombies (Ossuary)
  7 rats
  4 rat simulacra (Ossuary)
  3 spectral goblins (Ossuary)
  5 spectral kobolds (Ossuary)
  3 spectral rats (Ossuary)
292 creatures vanquished.

Vanquished Creatures (others)
  4 fungi (D:9)
  2 plants (D:4)
6 creatures vanquished.

Grand Total: 298 creatures vanquished

Notes
Turn   | Place    | Note
-------+----------+-------------------------------------------
     0 | D:1      | mortelune the Deep Dwarf Fighter began the quest for the
                  | Orb.
     0 | D:1      | Reached XP level 1. HP: 20/20 MP: 1/1
   253 | D:1      | Reached XP level 2. HP: 24/27 MP: 2/2
  1174 | D:1      | Reached XP level 3. HP: 16/34 MP: 3/3
  1469 | D:2      | Reached XP level 4. HP: 41/42 MP: 4/4
  2407 | D:3      | Reached XP level 5. HP: 34/49 MP: 5/5
  3031 | D:4      | Noticed an ogre
  3141 | D:4      | Noticed an ogre
  3290 | D:4      | Noticed Robin
  3328 | D:4      | Killed an ogre
  3328 | D:4      | Reached XP level 6. HP: 25/57 MP: 6/6
  3331 | D:4      | Killed Robin
  3451 | D:4      | Noticed Eustachio
  3463 | D:5      | Entered Level 5 of the Dungeon
  3616 | D:5      | Reached skill level 5 in Armour
  3783 | D:5      | Found a sparkling altar of Nemelex Xobeh.
  3792 | D:5      | Noticed an ice beast
  3822 | D:5      | Killed an ice beast
  3822 | D:5      | Reached XP level 7. HP: 41/66 MP: 7/7
  4145 | D:5      | Reached skill level 5 in Axes
  4235 | D:5      | Noticed Menkaure
  4252 | D:5      | Killed Menkaure
  4383 | D:5      | Found a hide-covered altar of Uskayaw.
  4522 | D:6      | Found Omiulok's Jewellery Shoppe.
  4536 | D:6      | Bought a +1 ring of slaying for 78 gold pieces
  4644 | D:4      | Found Umir's Antique Armour Emporium.
  4700 | D:4      | Noticed Ijyb
  4706 | D:4      | Killed Ijyb
  4711 | D:4      | Reached skill level 5 in Fighting
  4777 | D:4      | Killed Eustachio
  4777 | D:4      | Reached skill level 5 in Shields
  4777 | D:4      | Reached XP level 8. HP: 61/74 MP: 8/8
  5306 | D:4      | Got a wavering copper ring
  5308 | D:4      | Identified the ring of Vihanuock {+Blink rC+ Str+2 Stlth+}
                  | (You found it on level 4 of the Dungeon)
  5714 | D:6      | Found Isaitur's Antique Weapon Shoppe.
  5868 | D:6      | Found Ypul's Book Shop.
  5892 | D:6      | Found Oluzeh's Magic Scroll Boutique.
  5902 | D:6      | Bought a scroll of fog for 20 gold pieces
  5902 | D:6      | Bought a scroll of enchant armour for 75 gold pieces
  5902 | D:6      | Bought a scroll of teleportation for 30 gold pieces
  5902 | D:6      | Bought a scroll of identify for 20 gold pieces
  6137 | D:6      | Found Ymocur's Distillery.
  6195 | D:6      | Bought a potion of curing for 33 gold pieces
  6195 | D:6      | Bought a potion of heal wounds for 55 gold pieces
  6195 | D:6      | Bought a potion of curing for 33 gold pieces
  6317 | D:7      | Noticed Harold
  6822 | D:7      | Found a staircase to the Ecumenical Temple.
  6876 | Temple   | Entered the Ecumenical Temple
  6964 | Temple   | Became a worshipper of Makhleb the Destroyer
  7165 | D:7      | Killed Harold
  7165 | D:7      | Gained mutation: You passively map the area around you.
                  | [Deep Dwarf growth]
  7165 | D:7      | Reached XP level 9. HP: 39/85 MP: 9/9
  7805 | D:8      | Reached * piety under Makhleb
  7988 | D:8      | Found a sand-covered staircase.
  8002 | Ossuary  | Entered an ossuary
  8251 | Ossuary  | Reached ** piety under Makhleb
  8657 | D:8      | Noticed a two-headed ogre
  8777 | D:9      | Reached skill level 1 in Invocations
  8777 | D:9      | Reached XP level 10. HP: 70/94 MP: 10/10
  8812 | D:9      | Found a staircase to the Lair.
  9185 | D:9      | Reached *** piety under Makhleb
  9701 | D:9      | Found an iron altar of Okawaru.
  9704 | D:9      | Found a bloodstained altar of Trog.
  9722 | D:9      | Found a shimmering altar of Xom.
  9725 | D:9      | Found an ornate altar of the Wu Jian Council.
  9754 | D:9      | Noticed a two-headed ogre
  9765 | D:9      | Killed a two-headed ogre
  9765 | D:9      | Reached skill level 1 in Evocations
  9839 | D:10     | Entered Level 10 of the Dungeon
  9860 | D:10     | Reached skill level 10 in Armour
 10072 | D:10     | Reached skill level 10 in Axes
 10095 | D:10     | Found Arom's Antique Armour Shop.
 10104 | D:10     | Reached **** piety under Makhleb
 10109 | D:10     | Bought a polished scale mail for 189 gold pieces
 10119 | D:10     | Identified the +2 scale mail "Goqoaf Qosh" {Dex+4} (You
                  | bought it in a shop on level 10 of the Dungeon)
 10167 | D:10     | Found a portal to a secret trove of treasure.
 10362 | D:10     | Slain by a vampire

Levels and vault maps discovered:
D:1:      psy_arrival_whirlpool, layout_basic, serial_curves, eino_curves_03,
          eino_curves_01
D:2:      layout_loops_ring, first_ration, solitary_fountain
D:3:      layout_loops_corners, minmay_lizard_king
D:4:      wad_woods_pond, layout_basic, serial_shops, shop, minmay_fountain_box,
          hangedman_abyss_or_decor_slice, kennysheep_generic_room_11,
          uniq_eustachio, uniq_robin, uniq_ijyb
D:5:      layout_loops_ring, nicolae_overflow_crystal_walls, lemuel_round_altar,
          uniq_menkaure
D:6:      layout_basic, serial_shops, shop, shop_scrolls,
          nicolae_shop_window_shopping, shop, shop_statue,
          hangedman_decor_clover_reticule
D:7:      layout_cave_pods, minmay_temple_entry_glass, the_bakery, uniq_harold
D:8:      layout_gridville, enter_ossuary_1, gammafunk_ghost_hydra_chop
D:9:      layout_basic, grunt_temple_overflow_cloverleaf,
          due_lair_maze_entry_diamond
D:10:     layout_loops_ring, enter_trove_1, serial_shops, nicolae_shop_crystal
Temple:   eino_temple_rhombus

Skill      XL: |  1  2  3  4  5  6  7  8  9 10 |
---------------+-------------------------------+-----
Fighting       | 3 4 5 6 7 8 |  8.1
Axes           | 3 4 6 7 8 10 | 10.0
Armour         | 4 5 6 8 9 10 | 10.3
Shields        | 4 5 6 7 |  7.6
Invocations    | 1 4 |  4.0
Evocations     | 2 |  2.5

Action                   |  1- 3 |  4- 6 |  7- 9 | 10-12 || total
-------------------------+-------+-------+-------+-------++-------
Melee: War axe           |   154 |   148 |   151 |   345 ||   798
       Hand axe          |       |    99 |   328 |       ||   427
Throw: Stone             |     4 |    32 |     1 |       ||    37
       Dart              |       |       |    15 |       ||    15
       Boomerang         |       |       |     8 |     4 ||    12
Invok: Minor Destruction |       |       |       |     1 ||     1
 Abil: Heal Wounds       |     2 |     2 |     5 |     3 ||    12
       Evoke Berserk Rag |       |     1 |       |     1 ||     2
  Use: Potion            |       |     1 |     3 |     1 ||     5
       Scroll            |       |       |    16 |       ||    16
  Eat: Chunk             |     2 |     9 |     8 |    11 ||    30
       Ration            |       |       |     4 |       ||     4
Armor: Scale mail        |    52 |   101 |   178 |   189 ||   520
       Plate armour      |       |    24 |       |       ||    24
Dodge: Dodged            |    45 |    72 |   102 |    76 ||   295
       Deflected         |     1 |     2 |     2 |     2 ||     7
Block: Shield            |    58 |   127 |   200 |   156 ||   541
       Large shield      |    54 |       |       |       ||    54

Table legend:
 A = Non-vault XP
 B = Vault XP
 C = Vault XP percentage of total XP
 D = Non-vault monster count
 E = Vault monster count
 F = Vault count percentage of total count
                 A         B        C        D         E       F
            +---------+---------+-------+---------+---------+-------
      Total |    7506 |    2889 |  27.8 |     203 |      89 |  30.5
            +---------+---------+-------+---------+---------+-------
        D:1 |      46 |       0 |   0.0 |      20 |       0 |   0.0
        D:2 |     111 |       0 |   0.0 |      23 |       0 |   0.0
        D:3 |      63 |       9 |  12.5 |      25 |       7 |  21.9
        D:4 |     498 |     270 |  35.2 |      11 |      16 |  59.3
        D:5 |     483 |     172 |  26.3 |      15 |       1 |   6.2
        D:6 |     332 |       0 |   0.0 |      10 |       0 |   0.0
        D:7 |    1398 |    1215 |  46.5 |      30 |       2 |   6.2
        D:8 |     608 |       0 |   0.0 |      13 |       0 |   0.0
        D:9 |    2348 |     966 |  29.1 |      27 |       8 |  22.9
       D:10 |    1619 |       0 |   0.0 |      29 |       0 |   0.0
    Ossuary |       0 |     257 | 100.0 |       0 |      55 | 100.0
            +---------+---------+-------+---------+---------+-------
